 Dungeon Crawl Stone Soup version 0.32-a0-872-g59262bd (webtiles) character file.

Game seed: 10218427047536100652

35 lyrin the Trooper (level 3, 0/40 HPs)
             Began as an Oni Delver on Mar 30, 2024.
             Succumbed to an adder's poison
             ... on level 4 of the Dungeon.
             The game lasted 00:01:23 (294 turns).

lyrin the Trooper (Oni Delver)                       Turns: 294, Time: 00:01:24

Health: 0/40       AC:  3    Str: 16    XL:     3   Next: 33%
Magic:  3/3        EV:  9    Int: 13    God:
Gold:   11         SH:  0    Dex: 10    Spells: 2/2 levels left

rFire   . . .        a - +0 mace
rCold   . . .        (no shield)
rNeg    . . .        b - +0 robe
rPois   .            (helmet restricted)
rElec   .            (no cloak)
rCorr   .            (gloves unavailable)
SInv    .            (boots unavailable)
Will    .....        (no amulet)
Stlth   ++           (no ring)
HPRegen 0.26/turn    (no ring)
MPRegen 0.08/turn

%: no passive effects
@: lethally poisoned (0 -> -1)
A: large, unfitting armour, horns 1, tough skin 1, double potion healing,
drunken brawling
a: no special abilities


You were on level 4 of the Dungeon.
You visited 1 branch of the dungeon, and saw 2 of its levels.

You collected 11 gold pieces.

Inventory:

Hand Weapons
 a - a +0 mace (weapon)
Armour
 b - a +0 robe (worn)
Wands
 g - a wand of digging (3)
Scrolls
 c - a scroll of fog
 d - 2 scrolls of revelation
 e - a scroll of fear
 h - a scroll of teleportation {unknown}
 i - a scroll of identify {unknown}
Potions
 f - a potion of haste


   Skills:
 + Level 4.3 Fighting
 + Level 2.2 Maces & Flails
 + Level 1.9 Dodging
 + Level 4.3 Stealth


You had 2 spell levels left.
You didn't know any spells.
Your spell library was empty.

Dungeon Overview and Level Annotations

Branches:
Dungeon (5/15)
 Temple: D:4-7

Altars:


Innate Abilities, Weirdness & Mutations

You are too large for most types of armour.
You have a pair of small horns on your head.
You have tough skin. (AC +1)
You gain doubled healing and magic from potions.
Whenever you drink a healing potion, you attack all around you.


Message History

You are more poisoned.
The adder poisons you! The adder barely misses you.
Unknown command.
You barely miss the adder. Your headbutt misses the adder.
The adder is almost dead.
You feel very sick. The adder closely misses you. The adder bites you.
You are more poisoned.
The adder poisons you!
You sock the adder!
You kill the adder!
* * * LOW HITPOINT WARNING * * *
You feel very sick. The ball python barely misses you.
Unknown command.
You barely miss the ball python.
The ball python is severely wounded.
You feel sick. The ball python barely misses you.
Unknown command.
You completely miss the ball python. Your headbutt misses the ball python.
The ball python is severely wounded.
You feel sick.
The ball python bites you but does no damage.
The ball python closely misses you.
You barely miss the ball python. You headbutt the ball python.
The ball python is severely wounded.
You feel sick. The ball python bites you.
* * * LOW HITPOINT WARNING * * *
You closely miss the ball python.
The ball python is severely wounded.
You feel sick. The ball python bites you.
* * * LOW HITPOINT WARNING * * *
The ball python bites you.
* * * LOW HITPOINT WARNING * * *
Unknown command.
Okay, then.
Okay, then.
You sock the ball python!
You kill the ball python!
You die...

#..#.........
#..#.....##..
##.....### #
#...#.######.
##...........
#.......#####
#...?.....#
##.##.###.#
#. #@# ... #
#†# ### #.#
#.# ..# #..
#.# ...


There were no monsters in sight!

Vanquished Creatures
  An iguana (D:5)
  An adder (D:4)
  A ball python (D:4)
3 creatures vanquished.

Notes
Turn   | Place    | Note
-------+----------+-------------------------------------------
     0 | D:5      | lyrin the Oni Delver began the quest for the Orb.
     0 | D:5      | Reached XP level 1. HP: 24/24 MP: 1/1
     8 | D:5      | Noticed an ice beast
   157 | D:5      | Noticed a hound
   184 | D:5      | Noticed a hound
   190 | D:5      | Noticed an iguana
   201 | D:5      | Killed an iguana
   202 | D:5      | Reached XP level 2. HP: 20/32 MP: 2/2
   202 | D:5      | Reached XP level 3. HP: 24/39 MP: 3/3
   293 | D:4      | HP: 1/40 [ball python (2)]
   294 | D:4      | Succumbed to an adder's poison

Illustrated notes

Levels and vault maps discovered:
D:4:      minmay_clustersquares, layout_rooms,
          mainiacjoe_overflow_concentric_impassable,
          mainiacjoe_overflow_brackets, minmay_temple_entry_butterflies,
          minmay_shop_enchanted_jewellery, minmay_a_box_with_orc_wizards_in_it
D:5:      layout_loops_ring, mainiacjoe_overflow_alcove_3, minivault_23,
          nicolae_tricolors

Skill      XL: |  1 |
---------------+----+-----
Stealth        | 4 |  4.3
Fighting       | |  4.3
Maces & Flails | |  2.2
Dodging        | |  1.9

Action                     || total
---------------------------++-------
  Melee: Mace              ||    31
         Headbutt          ||     3
 Armour: Robe              ||    18
  Dodge: Dodged            ||    25

Table legend: (Time is in decaauts)
 A = Elapsed time spent in this place.
 B = Non-inter-level travel time spent in this place.
 C = Inter-level travel time spent in this place.
 D = Time resting spent in this place.
 E = Time spent auto-exploring this place.
 F = Levels seen in this place.
 G = Mean time per level.
                   A        B        C        D        E       F      G
               +--------+--------+--------+--------+--------+-----+--------+
         Total |    302 |    302 |      0 |     52 |     10 |   2 |  151.0 |
       Dungeon |    302 |    302 |      0 |     52 |     10 |   2 |  151.0 |
               +--------+--------+--------+--------+--------+-----+--------+

Top non-repeatable levels by time:
     D:5: 262 daAuts
     D:4: 40 daAuts
